 Dungeon Crawl Stone Soup version 0.30-a0-758-gc2c871d025 (webtiles) character file.

Game seed: 5381254292671620275

968 DEFE the Magician (level 8, -1/50 HPs)
             Began as a Djinni Wanderer on Feb 10, 2023.
             Slain by a gnoll
             ... wielding a +0 flail
             ... led by a gnoll bouda
              (8 damage)
             ... on level 4 of the Dungeon.
             The game lasted 00:05:17 (4008 turns).

DEFE the Magician (Djinni Wanderer)                 Turns: 4008, Time: 00:05:18

Health: -1/50      AC:  7    Str:  9 (10) XL:     8   Next: 38%
Gold:   230        EV:  7    Int: 18 (20) God:
                   SH:  0    Dex: 11 (13)

rFire   + + +      SeeInvis .    p - +9 halberd of the Modern Xeniums {vamp, Int+5}
rCold   x . .      Faith    .    (shield currently unavailable)
rNeg    . . .      Spirit   .    b - +0 scale mail
rPois   ∞          Reflect  .    j - +0 helmet
rElec   .          Harm     .    (no cloak)
rCorr   .          Rampage  .    (no gloves)
Will    +....                    (boots unavailable) Stlth
                                 (no amulet)
HPRegen 0.28/turn                e - ring of protection from fire
MPRegen 0.00/turn                n - ring of willpower

@: flying, invisible
A: sickness immunity, fire resistance 2, cold vulnerability 1, float, innate
caster, HP casting, extra vitality 1, passive freeze, weak 1
a: no special abilities


You were on level 4 of the Dungeon.
You visited 2 branches of the dungeon, and saw 6 of its levels.
You also visited: Sewer.

You collected 230 gold pieces.

Inventory:

Hand Weapons
 a - a +0 spear
 p - the +9 halberd of the Modern Xeniums (weapon) {vamp, Int+5}
   (You found it in a sewer)

   Int:       It affects your intelligence (+5).
Armour
 b - a +0 scale mail (worn)
 j - a +0 helmet (worn)
Jewellery
 e - a ring of protection from fire (left hand)
 m - a ring of protection from fire
 n - a ring of willpower (right hand)
Wands
 l - a wand of mindburst (2)
Scrolls
 d - a scroll of enchant weapon {unknown}
 f - 2 scrolls of enchant armour {unknown}
 g - 2 scrolls of vulnerability {unknown}
 h - 3 scrolls of identify {unknown}
 i - 2 scrolls of teleportation {unknown}
 k - a scroll of poison {unknown}
 q - 3 scrolls of fog {unknown}
 r - a scroll of amnesia {unknown}
 t - a scroll of fear {unknown}
 u - a scroll of silence {unknown}
 v - a scroll of noise {unknown}
Potions
 c - a potion of invisibility
 o - a potion of brilliance {unknown}
 s - a potion of mutation
 w - a potion of degeneration


   Skills:
 + Level 4.1 Polearms
 - Level 1.0 Armour
 - Level 1.0 Stealth
 + Level 6.4 Spellcasting
 - Level 1.0 Invocations
 - Level 1.0 Evocations


You had 8 spell levels left.
You knew the following spells:

 Your Spells              Type           Power      Damage    Failure   Level
a - Sting                 Tmut/Pois      100%       1d8       6%          1
b - Spider Form           Tmut/Pois      29%        N/A       19%         3
c - Poisonous Vapours     Pois/Air       58%        N/A       10%         2
d - Kiss of Death         Conj/Necr      100%       2d13      6%          1
e - Searing Ray           Conj           58%        2d6       10%         2
f - Momentum Strike       Conj/Tloc      58%        3d9       10%         2

Your spell library contained the following spells:

 Spells                   Type           Power      Damage    Failure   Level


Dungeon Overview and Level Annotations

Branches:
Dungeon (5/15)             Temple (1/1) D:5           Sewer (visited)

Altars:
Dithmenos
Gozag
Hepliaklqana
Nemelex Xobeh
Okawaru
Qazlal
Ru
Uskayaw
Xom
Yredelemnul


Innate Abilities, Weirdness & Mutations

You are immune to sickness and miasma.
You are immune to poison.
Your flesh is very heat resistant. (rF++)
You are vulnerable to cold. (rC-)
You float through the air rather than walking.
You learn spells naturally, not from books.
Your magical power is your life essence.
You have superior vitality. (+4 MHP)
A frigid envelope surrounds you and freezes all who hurt you.
You are weak. (Str -2)


Message History

The gnoll bouda attacks as you move away!
The gnoll bouda barely misses you.
You closely miss the gnoll bouda.
The gnoll hits you from afar with a +0 halberd!
The gnoll bouda hits you with a +0 club.
The gnoll bouda is very cold.
The gnoll hits you but does no damage.
The gnoll hits you from afar with a +0 halberd.
The gnoll bouda hits you with a +0 club.
* * * LOW HITPOINT WARNING * * *
The gnoll bouda is very cold.
You kill the gnoll bouda!
You take 22 damage, and have 12/50 hp.
MASSIVE DAMAGE!!
You are too injured to fight recklessly!
Unknown command.
Reach: p) +9 halberd of the Modern Xeniums {vamp, Int+5}
Aim: a gnoll, wielding a +0 spear (covering ground quickly, about 32% to evade the +9 halberd of the Modern Xeniums)
You reach to attack!
You closely miss the gnoll.
Your attacks no longer feel as feeble.
The gnoll barely misses you. The gnoll closely misses you.
The gnoll hits you from afar with a +0 spear.
* * * LOW HITPOINT WARNING * * *
You take 1 damage, and have 11/50 hp.
Unknown command.
It was a potion of invisibility.
You fade into invisibility!
The gnoll barely misses you. The gnoll hits you with a +0 flail.
* * * LOW HITPOINT WARNING * * *
The gnoll is very cold.
The gnoll hits you from afar with a +0 spear.
* * * LOW HITPOINT WARNING * * *
You take 4 damage, and have 7/50 hp.
Unknown command.
It was a potion of degeneration.
There was something very wrong with that liquid.
You feel weakened.
You feel dopey.
You feel clumsy. The gnoll barely misses you.
The gnoll hits you with a +0 flail!
You die...

#...................#.#
#......
#........##.####.## #.#
#####.......## .. .#
####.##..# .. #.###.#
##.###. #.# #.##.......
#### #.#
#...######+#.... #.#
###.##g......... #.#
#.@gg!.....<.. #.#
####g.........
#..$...?... #..........
#.......... #..........
#.......... #..........
#..........


You could see 4 gnolls.

Vanquished Creatures
  Pargi (Sewer)
  2 black bears (D:5)
  An ogre (D:5)
  A phantom (D:5)
  A scorpion (D:4)
  A necrophage (D:5)
  A howler monkey (D:5)
  A jelly (D:4)
  An orc priest (D:4)
  A gnoll bouda (D:4)
  2 iguanas
  An orc wizard (D:4)
  9 adders
  A white imp (D:5)
  3 worms
  6 dart slugs
  7 orcs
  5 endoplasms
  5 giant cockroaches
  7 goblins
  7 hobgoblins
  6 jackals
  11 kobolds
  5 quokkas
  10 ball pythons
  4 bats
  2 frilled lizards
  2 rats
104 creatures vanquished.

Notes
Turn   | Place    | Note
-------+----------+-------------------------------------------
     0 | D:1      | DEFE the Djinni Wanderer began the quest for the Orb.
     0 | D:1      | DEFE set off with the following items: a +0 spear, a +0
                  | scale mail, a scroll of butterfliesthe following spells
                  | memorised: Sting, Spider Form, Poisonous Vapours.
     0 | D:1      | Reached XP level 1. HP: 15/15 MP: 0/0
    63 | D:1      | Reached XP level 2. HP: 17/21 MP: 0/0
   218 | D:1      | Reached XP level 3. HP: 17/25 MP: 0/0
   218 | D:1      | Learned a level 1 spell: Kiss of Death
   230 | D:1      | Reached skill level 2 in Spellcasting
   925 | D:2      | Found a stormy altar of Qazlal.
  1086 | D:2      | Reached XP level 4. HP: 23/31 MP: 0/0
  1754 | D:2      | Reached skill level 3 in Spellcasting
  1862 | D:3      | Found an opulent altar of Gozag.
  2098 | D:3      | Found a sparkling altar of Nemelex Xobeh.
  2133 | D:3      | Found an iron altar of Okawaru.
  2174 | D:3      | Reached XP level 5. HP: 33/35 MP: 0/0
  2174 | D:3      | Learned a level 2 spell: Searing Ray
  2531 | D:5      | Entered Level 5 of the Dungeon
  2595 | D:5      | Noticed a phantom
  2615 | D:5      | Gained mutation: You are weak. (Str -2) [potion of
                  | mutation]
  2615 | D:5      | Gained mutation: A frigid envelope surrounds you and
                  | freezes all who hurt you. [potion of mutation]
  2616 | D:5      | Killed a phantom
  2617 | D:5      | Reached skill level 4 in Spellcasting
  2617 | D:5      | Reached XP level 6. HP: 21/40 MP: 0/0
  2697 | D:5      | Noticed an ogre
  2700 | D:5      | Killed an ogre
  2730 | D:5      | Noticed a black bear
  2731 | D:5      | Found a stormy altar of Qazlal.
  2736 | D:5      | Killed a black bear
  2737 | D:5      | Reached skill level 5 in Spellcasting
  2737 | D:5      | Reached XP level 7. HP: 39/45 MP: 0/0
  2737 | D:5      | Learned a level 2 spell: Momentum Strike
  2993 | D:5      | Found a glowing drain.
  3014 | Sewer    | Entered a sewer
  3059 | Sewer    | Identified the +9 halberd of the Modern Xeniums {vamp,
                  | Int+5}
  3093 | Sewer    | Noticed Pargi
  3096 | Sewer    | Killed Pargi
  3354 | D:5      | Reached skill level 6 in Spellcasting
  3365 | D:5      | Found a staircase to the Ecumenical Temple.
  3374 | Temple   | Entered the Ecumenical Temple
  3503 | D:5      | Reached XP level 8. HP: 43/50 MP: 0/0
  4008 | D:4      | Slain by a gnoll

Illustrated notes

Levels and vault maps discovered:
D:1:      dpeg_arrival_simpleton_a, layout_loops_ring,
          nicolae_figureground_pulse
D:2:      layout_loops_ring, basic_altar
D:3:      layout_rooms, okawaru_metal_pillars_3, lemuel_doored_altar,
          lemuel_crystal_altar
D:4:      layout_basic, cheibrodos_worm_habitat, gammafunk_ghost_grave
D:5:      layout_basic, nicolae_qazlal_eye_of_the_storm,
          minmay_temple_entry_junction_2, gup_sewer_entry_glass
Temple:   hellmonk_temple_beads

Skill      XL: |  1  2  3  4  5  6  7  8 |
---------------+-------------------------+-----
Polearms       | 3 4 |  4.1
Spellcasting   | 2 3 4 5 6 |  6.4
Armour         | |  1.0
Stealth        | |  1.0
Invocations    | |  1.0
Evocations     | |  1.0

Action                     |  1- 3 |  4- 6 |  7- 9 || total
---------------------------+-------+-------+-------++-------
  Melee: Spear             |   159 |   276 |    27 ||   462
         Punch             |       |     2 |       ||     2
         Halberd           |       |       |    51 ||    51
  Evoke: Wand              |       |     3 |       ||     3
    Use: Potion            |       |     3 |     2 ||     5
         Scroll            |       |     1 |       ||     1
   Stab: Distracted        |       |     1 |       ||     1
 Armour: Scale mail        |    63 |   125 |    34 ||   222
  Dodge: Dodged            |    57 |   131 |    23 ||   211

Table legend: (Time is in decaauts)
 A = Elapsed time spent in this place.
 B = Non-inter-level travel time spent in this place.
 C = Inter-level travel time spent in this place.
 D = Time resting spent in this place.
 E = Time spent auto-exploring this place.
 F = Levels seen in this place.
 G = Mean time per level.
                   A        B        C        D        E       F      G
               +--------+--------+--------+--------+--------+-----+--------+
         Total |   3999 |   3875 |    124 |    272 |   2613 |   7 |  571.3 |
       Dungeon |   3737 |   3623 |    114 |    272 |   2419 |   5 |  747.4 |
        Temple |    104 |     94 |     10 |      0 |     87 |   1 |  104.0 |
         Sewer |    156 |    156 |      0 |      0 |    107 |   1 |  156.0 |
               +--------+--------+--------+--------+--------+-----+--------+

Top non-repeatable levels by time:
     D:5: 1066 daAuts
     D:2: 1017 daAuts
     D:1: 797 daAuts
     D:3: 586 daAuts
     D:4: 269 daAuts
   Sewer: 156 daAuts
  Temple: 104 daAuts
